 Dungeon Crawl Stone Soup version 0.22-b1-59-g0aedee734a (webtiles) character file.

2079096 jehirs the Hoplite (level 26, 22/234 HPs)
             Began as a Deep Dwarf Fighter on Aug 10, 2018.
             Was a High Priest of Makhleb.
             Escaped with the Orb
             ... and 3 runes!
             The game lasted 03:27:30 (46591 turns).

jehirs the Hoplite (Deep Dwarf Fighter)            Turns: 46591, Time: 03:27:31

Health: 22/234     AC: 42    Str: 27    XL:     26   Next: 78%
Magic:  12/12      EV: 17    Int:  9    God:    Makhleb [*****.]
Gold:   4204       SH: 32    Dex: 14    Spells: 25/25 levels left

rFire    + . .     SeeInvis +   P - +9 broad axe (elec)
rCold    + + .     Gourm    .   U - +2 large shield
rNeg     + + .     Faith    .   X - +0 gold dragon scales
rPois    +         Spirit   .   G - +2 helmet {SInv}
rElec    +         Reflect  +   Q - +2 cloak {rC+}
rCorr    .         Harm     .   H - +1 pair of gloves
MR       +++++     Rnd*Tele +   S - +2 pair of boots {Fly}
Stlth    ..........             y - amulet of Lucidity {Reflect rElec Str-4 Dex+3 SH+4}
HPRegen  0.00/turn              Z - ring of Hostracucha {rPois rN+ Str+4 Slay+3 Stlth+}
MPRegen  0.13/turn              a - ring of Huprent {MR++ Dex-4 Slay+3}

@: flying, non-regenerating, drained
A: damage resistance, heal wounds, thin metallic scales 1, blurry vision 1,
clumsy 1, deterioration 1, frail 1, low mp 1, negative energy resistance 1,
sense surroundings 3, screaming 1, teleportitis 1, evolution 1, no regeneration
0: Orb of Zot
}: 3/15 runes: barnacled, silver, gossamer
a: Heal Wounds, Minor Destruction, Lesser Servant of Makhleb, Major Destruction,
Greater Servant of Makhleb, Renounce Religion, Stop Flying


You escaped.
You worshipped Makhleb.
Makhleb was extremely pleased with you.
You were not hungry.

You visited 10 branches of the dungeon, and saw 52 of its levels.
You visited 2 bazaars.
You also visited: Trove, Sewer, Bailey and Ice Cave.

You collected 6213 gold pieces.
You spent 2009 gold pieces at shops.

Inventory:

Hand Weapons
 P - a +9 broad axe of electrocution (weapon)
   (You took it off a death knight on level 3 of the Vaults)
Missiles
 I - 7 throwing nets (quivered) {!f}
Armour
 b - the +2 pair of boots "Jiuxikabae" {rF+ rCorr Stlth+}
   (You acquired it on level 1 of the Vaults)

   It protects you from fire.
   It provides partial protection from all sources of acid and corrosion.
   It makes you more stealthy.
 G - a +2 helmet of see invisible (worn)
   (You found it on level 5 of the Vaults)
 H - a +1 pair of gloves (worn)
   (You found it on level 3 of the Lair of Beasts)
 Q - a +2 cloak of cold resistance (worn)
   (You found it in an ice cave)
 S - a +2 pair of boots of flying (worn)
   (You acquired it on level 1 of the Depths)
 U - a +2 large shield (worn)
   (You took it off a vault warden on level 1 of the Vaults)
 X - +0 gold dragon scales (worn)
   (You found it on level 4 of the Depths)
Jewellery
 a - the ring of Huprent (right hand) {MR++ Dex-4 Slay+3}
   (You found it in a treasure trove)

   [ring of slaying]

   It affects your dexterity (-4).
   It affects your accuracy and damage with ranged weapons and melee attacks
   (+3).
   It affects your resistance to hostile enchantments.
 i - an uncursed ring of protection from fire
   (You found it on level 9 of the Dungeon)
 l - an uncursed ring of protection from magic
   (You took it off a merfolk javelineer on level 3 of the Shoals)
 o - an uncursed ring of protection from cold
   (You found it in a bailey)
 r - the ring of Robustness {AC+8}
   (You found it on level 4 of the Depths)

   [ring of protection]

   It affects your AC (+8).
 y - the amulet of Lucidity (around neck) {Reflect rElec Str-4 Dex+3 SH+4}
   (You found it on level 6 of the Lair of Beasts)

   [amulet of reflection]

   It shields you and reflects attacks.
   It affects your strength (-4).
   It affects your dexterity (+3).
   It insulates you from electricity.
   It affects your SH (+4).
 z - an uncursed ring of see invisible
   (You found it on level 5 of the Vaults)
 Z - the ring of Hostracucha (left hand) {rPois rN+ Str+4 Slay+3 Stlth+}
   (You found it on level 2 of the Depths)

   [ring of positive energy]

   It affects your strength (+4).
   It affects your accuracy and damage with ranged weapons and melee attacks
   (+3).
   It protects you from poison.
   It protects you from negative energy.
   It makes you more stealthy.
Wands
 c - a wand of disintegration (30)
   (You took it off a kobold on level 8 of the Dungeon)
 d - a wand of iceblast (57)
   (You found it on level 3 of the Lair of Beasts)
 t - a wand of flame (79)
   (You took it off a big kobold on level 11 of the Dungeon)
 u - a wand of paralysis (55)
   (You found it on level 3 of the Spider Nest)
 v - a wand of digging (70)
   (You took it off a wight on level 15 of the Dungeon)
 x - a wand of acid (27)
   (You found it on level 2 of the Shoals)
 C - a wand of polymorph (41)
   (You found it on level 1 of the Shoals)
 R - a wand of enslavement (39)
   (You found it on level 1 of the Lair of Beasts)
Scrolls
 f - 13 scrolls of blinking
 j - 21 scrolls of remove curse {@r2}
 m - 10 scrolls of fear
 p - 2 scrolls of fog
 w - a scroll of silence
 D - 10 scrolls of teleportation {@r4}
 E - 3 scrolls of amnesia
 J - 3 scrolls of immolation {!r}
 L - 2 scrolls of enchant weapon
 N - 3 scrolls of magic mapping
 V - a scroll of summoning
 Y - 3 scrolls of holy word
Potions
 g - 7 potions of haste {@q3}
 h - 6 potions of ambrosia
 k - 3 potions of invisibility
 n - 15 potions of curing {@q1}
 q - 2 potions of agility
 s - 15 potions of flight
 A - 3 potions of resistance
 B - 3 potions of cancellation
 F - 7 potions of brilliance
 K - 2 potions of might
 M - 11 potions of heal wounds {@q2}
 O - 3 potions of magic
 T - 6 potions of lignification {!q}
Comestibles
 e - 73 rations {!d}


   Skills:
 + Level 19.9(19.6) Fighting
 - Level 18.0(17.7) Axes
 + Level 24.2(23.9) Armour
 + Level 19.7(19.4) Dodging
 - Level 25.0(24.6) Shields
 - Level 15.0(14.7) Invocations


You had 25 spell levels left.
You didn't know any spells.
Your spell library contained the following spells:

 Spells                   Type           Power        Failure   Level  Hunger
 Cause Fear               Hex            #.........   100%        4    #####..
 Magic Dart               Conj           #...         98%         1    ##.....
 Fireball                 Conj/Fire      #.........   100%        5    ######.
 Apportation              Tloc           #.....       98%         1    ##.....
 Conjure Flame            Conj/Fire      #.......     100%        3    ####...
 Bolt of Fire             Conj/Fire      #.........   100%        6    #######
 Lightning Bolt           Conj/Air       #.........   100%        5    ######.
 Bolt of Magma            Conj/Fire/Erth #.........   100%        5    ######.
 Slow                     Hex            #.......     99%         2    ###....
 Throw Flame              Conj/Fire      #.....       99%         2    ###....
 Controlled Blink         Tloc           N/A          100%        8    #######
 Mephitic Cloud           Conj/Pois/Air  #.......     100%        3    ####...
 Venom Bolt               Conj/Pois      #.........   100%        5    ######.
 Olgreb's Toxic Radiance  Pois           #.......     100%        4    #####..
 Summon Small Mammal      Summ           #...         98%         1    ##.....
 Iskenderun's Mystic Bla  Conj           #.......     100%        4    #####..
 Animate Skeleton         Necr           N/A          98%         1    ##.....
 Sticky Flame             Conj/Fire      #.......     100%        4    #####..
 Summon Ice Beast         Ice/Summ       #.......     100%        4    #####..
 Call Imp                 Summ           #.......     99%         2    ###....
 Regeneration             Chrm/Necr      #.........   100%        3    ####...
 Sting                    Conj/Pois      #...         98%         1    ##.....
 Iron Shot                Conj/Erth      #.........   100%        6    #######
 Shock                    Conj/Air       #...         98%         1    ##.....
 Swiftness                Chrm/Air       #.......     99%         2    ###....
 Statue Form              Tmut/Erth      #........    100%        6    #######
 Dragon Form              Tmut           #.........   100%        7    #######
 Airstrike                Air            #.........   100%        4    #####..
 Shadow Creatures         Summ           N/A          100%        6    #######
 Confusing Touch          Hex            #.....       98%         1    ##.....
 Flame Tongue             Conj/Fire      #....        98%         1    ##.....
 Call Canine Familiar     Summ           #.......     100%        3    ####...
 Summon Butterflies       Summ           #.......     98%         1    ##.....
 Shatter                  Erth           #.........   100%        9    #######
 Dispersal                Tloc           #.........   100%        6    #######
 Static Discharge         Conj/Air       #.......     100%        3    ####...
 Corona                   Hex            #......      98%         1    ##.....
 Portal Projectile        Hex/Tloc       #.....       100%        3    ####...
 Tornado                  Air            #.........   100%        9    #######
 Leda's Liquefaction      Hex/Erth       #.........   100%        4    #####..
 Summon Hydra             Summ           #.........   100%        7    #######
 Shroud of Golubria       Chrm/Tloc      #.........   99%         2    ###....
 Inner Flame              Hex/Fire       #.......     100%        3    ####...
 Disjunction              Tloc           #.........   100%        8    #######
 Fulminant Prism          Conj/Hex       #.........   100%        4    #####..
 Dazzling Spray           Conj/Hex       #.....       100%        3    ####...
 Force Lance              Conj/Tloc      #.......     100%        4    #####..
 Infusion                 Chrm           #...         98%         1    ##.....
 Song of Slaying          Chrm           #.......     99%         2    ###....
 Spectral Weapon          Hex/Chrm       #.......     100%        3    ####...
 Searing Ray              Conj           #.....       99%         2    ###....
 Dragon's Call            Summ           #.........   100%        9    #######
 Spellforged Servitor     Conj/Summ      #.........   100%        7    #######
 Summon Mana Viper        Hex/Summ       #.......     100%        5    ######.
 Hydra Form               Tmut           #.........   100%        6    #######
 Irradiate                Conj/Tmut      #.........   100%        5    ######.
 Gell's Gravitas          Tloc           #.........   100%        3    ####...
 Poisonous Vapours        Pois/Air       #.....       99%         2    ###....
 Ignition                 Fire           #.........   100%        8    #######


Dungeon Overview and Level Annotations

Branches:
Dungeon (15/15)            Temple (1/1) D:5            Lair (6/6) D:9
 Shoals (4/4) Lair:2       Spider (4/4) Lair:2        Slime (5/5) Lair:6
    Orc (2/2) D:12            Elf (0/3) Orc:2        Vaults (5/5) D:14
  Crypt (0/3) Vaults:3     Depths (5/5) D:15            Zot (5/5) Depths:5

Altars:
Ashenzari
Cheibriados
Dithmenos
Elyvilon
Fedhas
Gozag
Hepliaklqana
Kikubaaqudgha
Makhleb
Nemelex Xobeh
Okawaru
Qazlal
Ru
Sif Muna
Trog
Uskayaw
Vehumet
Wu Jian
Xom
Yredelemnul
Zin
The Shining One
Beogh

Shops:
D:4 *   D:9 ?:(   Orc:2 ![:*   Vaults:1 :   Zot:5 **   Depths:1 =[*
Depths:2 (*[

Portals:
Hell: Depths:1 Depths:2 Depths:3 Depths:4 Depths:5
Abyss: Depths:4
Pandemonium: Depths:3 Depths:5
Ziggurat: Depths:3

Annotations:
D:3 2 transporters, ExaRaiun's ghost, novice GrEE
D:6 3 runed doors, 3rdEnemy's ghost, novice CeFi
D:8 2 transporters
Lair:1 exclusions: 3 electric eels, 4 plants and 15 more exclusions
Lair:4 exclusions: 2 electric eels and 68 more exclusions
Lair:6 exclusions: electric eel and 17 more exclusions
Depths:3 exclusions: 3 eyes of devastation, 2 floating eyes and 4 more exclusions


Innate Abilities, Weirdness & Mutations

You are resistant to damage.
You can heal yourself by infusing magical energy.
You resist negative energy. (rN+)
You passively map a large area around you.
You do not regenerate.
You are partially covered in thin metallic scales. (AC +2)
Scrolls take you a little longer to read.
You are clumsy. (Dex -2)
Your body sometimes deteriorates upon taking damage.
You are frail. (-10% HP)
Your magical capacity is low. (-10% MP)
You occasionally shout uncontrollably at your foes.
You are occasionally teleported next to monsters.
You evolve.


Message History

Throwing (i - inventory)
I - 8 throwing nets (quivered)
{!f}
Aim: Kasur Really fire
I - 8 throwing nets {!f}?
You throw a throwing net {!f}. The throwing net {!f} hits Kasur.
Kasur is caught in the net!
Kasur struggles against the net. x2
Kasur struggles against the net.
The net rips apart, and Kasur comes free!
There is a stone staircase leading up here.
You block Kasur's attack.
You fly upwards.
There is a stone staircase leading down here.
(D) Dungeon (T) Temple (L) Lair (A) Shoals (N) Spider Nest (M) Slime Pits (O) Orcish Mines (E) Elven Halls (V) Vaults (C) Crypt (U) Depths (H) Hell (Z) Zot
Where to? (Enter - D:1 @ (x,y), ? - help)
There is a stone staircase leading up here.
You fly upwards.
There is a stone staircase leading down here.
You reach down and open the door.
There is an open door here.
A neqoxec, an ice devil and a pandemonium lord come into view.
Wahid gestures.
Wahid flickers and vanishes for a moment.
Wahid gestures.
There is an open door here.
Wahid calls on the powers of darkness!
Your body is wracked with pain!
You can't see that place. [some shallow water.]
The rock shatters into small pieces.
Wahid calls on the powers of darkness!
Your body is wracked with pain!
* * * LOW HITPOINT WARNING * * *
Wahid calls on the powers of darkness!
Your body is wracked with pain!
* * * LOW HITPOINT WARNING * * *
Wahid calls on the powers of darkness!
Your body is wracked with pain!
* * * LOW HITPOINT WARNING * * *
Wahid calls on the powers of darkness!
Your body is wracked with pain!
* * * LOW HITPOINT WARNING * * *
There is an open door here.
There is a staircase leading out of the dungeon here.
Wahid calls on the powers of darkness!
Your body is wracked with pain!
* * * LOW HITPOINT WARNING * * *
You block Wahid's attack.
You have escaped!

##♣ ##.# #.# ♣♣.#♣ ##.## #.#
###♣♣.#.♣♣#♣≈## #.#
#...........♣# #.# ♣...........♣
#.# ♣..####'##..######.#
###♣♣..#...PP#..♣♣..##.#
#..♣...#.&...#....≈....##
########.♣.#..#.@...+..♣...#...##
.........#♣...#.....#...##.......
######.####♣..#.....#..#♣#.#[...#
#.# ♣..#######..♣♣#....>.. ##.##
#...........♣≈###..#.# ###...#
♣...........≈##....#.# #.....#
♣#≈♣♣.#.#♣#♣♣#####'#.# #.#...#
##♣♣#.## ##..... #.##### ##♣###
##.....#


You could see Wahid (invisible).

Vanquished Creatures
  7 orbs of fire (Zot:5)
  The ghost of jehirs the Hoplite, a veteran DDFi of Makhleb (Zot:5)
  7 ancient liches
  A caustic shrike (Depths:3)
  2 Killer Klowns
  11 golden dragons
  5 liches
  3 electric golems (Zot:5)
  6 tentacled monstrosities
  21 Orb Guardians (Zot:5)
  Rupert (D:13)
  Asterion (Spider:2)
  8 acid blobs
  Polyphemus (Shoals:3)
  3 titans (Vaults:5)
  4 quicksilver dragons
  3 sphinxes
  7 death cobs
  Kirke (Spider:1)
  6 storm dragons
  3 large abominations
  6 draconian monks
  11 shadow dragons
  A revenant (Vaults:3)
  6 fire giants
  2 tengu reavers
  12 frost giants
  4 draconian scorchers
  3 deep elf sorcerers
  A balrug (Depths:4)
  2 iron dragons
  10 vault wardens
  2 draconian knights
  2 orc warlords
  A cacodemon (Depths:3)
  3 draconian stormcallers
  6 ghost moths
  A curse skull (Depths:2)
  9 emperor scorpions
  7 draconian annihilators
  7 draconian shifters
  2 spriggan defenders (Depths:3)
  15 ironheart preservers
  2 reapers
  14 stone giants
  17 very ugly things
  5 green draconians
  A small abomination (Vaults:5)
  2 vampire knights
  A deep elf annihilator (Depths:2)
  Azrael (D:12)
  2 entropy weavers
  A black draconian (Zot:5)
  A dire elephant (Lair:6)
  10 white draconians
  8 spark wasps
  10 purple draconians
  A merfolk javelineer (Shoals:3)
  2 yellow draconians (Zot:1)
  8 red draconians
  Snorg (D:12)
  4 deep elf death magi
  18 ettins
  9 great orbs of eyes
  12 yaktaur captains
  7 fire dragons
  7 merfolk impalers
  10 ice dragons
  4 deep elf high priests
  31 vault guards
  3 hydras
  5 rakshasas
  A hell beast (D:11)
  38 two-headed ogres
  2 catoblepae
  2 merfolk avatars
  7 centaur warriors
  An alligator snapping turtle (Shoals:4)
  A satyr (Shoals:3)
  10 ogre magi
  Erica (D:9)
  2 spriggan air magi
  5 death knights
  7 tengu warriors
  An orc high priest (Orc:2)
  3 spriggan berserkers
  4 death yaks (Lair:6)
  Urug (Lair:6)
  10 deep troll shamans
  4 vampire magi
  6 hell knights
  5 deep elf knights
  6 deep troll earth magi
  2 shock serpents (shapeshifter)
  9 soul eaters
  2 sun demons (Depths:4)
  3 iron trolls
  A fire crab (shapeshifter) (Depths:1)
  2 shadow wraiths
  A salamander mystic (Depths:3)
  A sixfirhy (Depths:5)
  9 skeletal warriors
  4 unseen horrors
  3 flayed ghosts
  26 deep trolls
  2 glowing orange brains
  13 sea snakes
  A shadow demon (Depths:5)
  10 wizards
  11 ironbrand convokers
  20 deep elf magi
  An obsidian statue (Zot:5)
  An infernal demonspawn (Depths:5)
  6 deep elf archers
  A wolf spider zombie (D:15)
  Pikel (D:9)
  A lindwurm (Lair:5)
  35 wolf spiders
  3 necromancers (Depths:2)
  5 shining eyes
  22 orc knights
  27 orb spiders
  7 harpies
  6 orc sorcerers
  54 ugly things
  11 manticores
  3 cyclopes
  8 fauns
  2 salamanders (Depths:3)
  A faun (shapeshifter) (Vaults:5)
  9 moths of wrath
  10 elephants
  A guardian serpent (shapeshifter) (Vaults:4)
  2 water nymphs
  10 merfolk sirens
  2 ice statues (IceCv)
  6 black mambas
  A gargoyle (D:12)
  2 rust devils (Depths:3)
  8 vault sentinels
  2 orange demons (Depths:5)
  A torpor snail (Spider:3)
  11 spiny frogs
  An eye of devastation (Slime:5)
  4 centaur skeletons
  A rime drake (shapeshifter) (Vaults:5)
  A komodo dragon (shapeshifter) (Vaults:1)
  A kobold demonologist (Depths:2)
  26 yaktaurs
  A rime drake (Lair:3)
  5 ice devils
  4 hellwings (D:15)
  8 komodo dragons
  8 freezing wraiths
  10 trolls
  8 demonic crawlers
  A silent spectre (Depths:2)
  A queen bee (shapeshifter) (Depths:5)
  A polar bear (Lair:6)
  5 tengu conjurers
  A queen bee (Lair:3)
  13 merfolk
  39 jumping spiders
  Grinder (D:5)
  9 blink frogs
  6 dream sheep (Lair:6)
  A raiju (shapeshifter) (Vaults:2)
  6 hippogriffs
  4 wind drakes
  20 hornets
  42 slime creatures
  10 snapping turtles
  A centaur simulacrum (D:14)
  Sigmund (D:2)
  11 water elementals
  A spriggan (shapeshifter) (Depths:1)
  4 spriggans
  68 redbacks
  2 ynoxinuls
  11 flying skulls
  5 shadows
  5 wyverns
  A human (shapeshifter) (Depths:2)
  An orc simulacrum (Vaults:1)
  8 wraiths
  47 yaks
  32 tarantellas
  A fire elemental (D:12)
  A human (D:14)
  4 basilisks
  2 hogs (Spider:1)
  A hungry ghost (D:13)
  Eustachio (D:5)
  8 golden eyes (Slime:3)
  8 vampire mosquitoes
  2 chaos spawn
  A steam dragon (D:15)
  A human simulacrum (Vaults:1)
  5 wargs
  Menkaure (D:5)
  2 wargs (shapeshifter)
  3 acid dragons
  Edmund (D:5)
  11 water moccasins
  Duvessa (D:5)
  A floating eye (Depths:2)
  4 hell hounds (D:12)
  A soldier ant (shapeshifter) (Depths:1)
  75 orc warriors
  5 sky beasts
  11 porcupines
  3 eyes of draining
  2 black bears
  6 ice beasts
  2 phantoms
  A black bear (shapeshifter) (Vaults:3)
  A necrophage (D:8)
  12 centaurs
  33 ogres
  2 boggarts (Vaults:1)
  5 wolves (Lair:6)
  14 crocodiles
  21 bullfrogs
  3 big kobolds
  Blork the orc (D:4)
  A bullfrog (shapeshifter) (Vaults:3)
  Dowan (D:5)
  A scorpion (shapeshifter) (Vaults:2)
  4 scorpions
  A water moccasin skeleton (D:4)
  34 killer bees
  8 howler monkeys
  17 wights
  3 electric eels
  3 centaur zombies
  A lava snake (Lair:3)
  11 crimson imps
  6 jellies
  3 quasits
  2 bullfrog skeletons
  30 orc priests
  8 hounds
  3 iron imps
  Terence (D:3)
  Jessica (D:2)
  5 iguanas
  36 orc wizards
  11 worker ants
  2 hound skeletons (D:10)
  4 worker ant zombies
  Robin (D:2)
  7 gnolls
  2 river rats (D:4)
  19 adders
  2 shadow imps
  9 white imps
  14 ufetubi
  3 oozes
  An adder zombie (D:6)
  An adder skeleton (D:4)
  6 worms
  3 dart slugs
  7 leopard geckos
  113 orcs
  7 bats
  3 bat zombies (D:8)
  19 giant cockroaches
  17 goblins
  11 hobgoblins
  A hobgoblin (shapeshifter) (Vaults:5)
  11 jackals
  6 quokkas
  5 ball pythons
  6 frilled lizards
  27 kobolds
  A quokka skeleton (D:7)
  A quokka zombie (D:5)
  5 rats
  A rat zombie (D:8)
  4 crawling corpses
  3 fungi
  9 plants
2124 creatures vanquished.

Vanquished Creatures (collateral kills)
  2 ancient liches
  An orb of fire (Zot:5)
  Frederick (Vaults:3)
  2 Killer Klowns (Zot:5)
  4 Orb Guardians (Zot:5)
  A kraken (Shoals:4)
  Frances (Shoals:2)
  A storm dragon (Zot:5)
  A shadow dragon (Zot:5)
  A deep elf sorcerer (Vaults:3)
  A draconian annihilator (Depths:2)
  A stone giant (Vaults:3)
  A spark wasp (Spider:2)
  A red draconian (Zot:5)
  A merfolk javelineer (Shoals:4)
  A merfolk impaler (Shoals:4)
  8 hydras
  A merfolk avatar (Shoals:2)
  A two-headed ogre (D:11)
  4 death yaks (Shoals:3)
  2 sea snakes
  2 deep elf magi (Vaults:3)
  6 harpies (Shoals:4)
  A wolf spider (Vaults:3)
  2 manticores
  3 ugly things (Vaults:3)
  3 water nymphs
  A spiny frog (Lair:4)
  A black mamba (Lair:2)
  An ice devil (IceCv)
  A hornet (Spider:2)
  A jumping spider (Spider:2)
  8 merfolk
  A wind drake (Shoals:4)
  3 blink frogs (Lair:1)
  4 hippogriffs
  2 snapping turtles
  2 water elementals (Shoals:2)
  A yak (Lair:1)
  A tarantella (Spider:2)
  A basilisk (Lair:2)
  A water moccasin (Lair:3)
  A porcupine (Lair:3)
  2 orc warriors (Orc:2)
  4 ice beasts (Lair:3)
  An eye of draining (D:10)
  2 centaurs
  A crocodile (Lair:3)
  A big kobold (D:11)
  3 bullfrogs
  A worker ant (D:11)
  A leopard gecko (D:11)
  3 orcs
  A fungus (Lair:4)
  A tentacle (Shoals:4)
105 creatures vanquished.

Vanquished Creatures (others)
  A draconian knight (Zot:3)
  A fire giant (Depths:4)
  A draconian stormcaller (Zot:5)
  3 stone giants
  4 yaktaur captains
  2 centaur warriors
  A merfolk aquamancer (Shoals:3)
  A satyr (Shoals:4)
  An unseen horror (D:11)
  A deep elf archer (Vaults:3)
  An ugly thing (Depths:3)
  8 yaktaurs
  A shadow (D:12)
  4 humans
  A slave (D:9)
  4 orc warriors (Orc:2)
  A boggart (Vaults:1)
  3 centaurs (Orc:2)
  An adder (D:9)
  2 white imps (IceCv)
  2 orcs
  7 kobolds
  5 fungi
  16 plants
  3 tentacles (Shoals:4)
75 creatures vanquished.

Grand Total: 2304 creatures vanquished

Notes
Turn   | Place    | Note
-------+----------+-------------------------------------------
     0 | D:1      | jehirs the Deep Dwarf Fighter began the quest for the Orb.
     0 | D:1      | Reached XP level 1. HP: 20/20 MP: 1/1
   178 | D:1      | Reached XP level 2. HP: 24/27 MP: 2/2
   326 | D:1      | Reached XP level 3. HP: 18/33 MP: 3/3
   816 | D:1      | You fall through a shaft!
   837 | D:2      | Noticed Jessica
   843 | D:2      | Killed Jessica
   847 | D:2      | Reached XP level 4. HP: 36/42 MP: 3/3
   939 | D:2      | Noticed Sigmund
   949 | D:2      | Killed Sigmund
   949 | D:2      | Reached skill level 4 in Shields
   949 | D:2      | Reached XP level 5. HP: 40/49 MP: 4/4
  1332 | D:2      | Reached XP level 6. HP: 43/56 MP: 5/5
  1714 | D:2      | Noticed Robin
  1722 | D:2      | Killed Robin
  2021 | D:3      | Found a transporter.
  2046 | D:3      | Reached skill level 5 in Axes
  2059 | D:3      | Noticed ExaRaiun's ghost (novice GrEE)
  2069 | D:3      | Found a transporter.
  2083 | D:3      | Noticed Terence
  2090 | D:3      | Killed Terence
  2310 | D:3      | Reached XP level 7. HP: 34/64 MP: 5/5
  2567 | D:4      | Found a glowing drain.
  2605 | D:4      | Reached skill level 5 in Armour
  2605 | D:4      | Reached skill level 5 in Shields
  2622 | Sewer    | Entered a sewer
  3081 | D:4      | Noticed Blork the orc
  3104 | D:4      | Killed Blork the orc
  3132 | D:4      | Found a glowing silver altar of Zin.
  3588 | D:4      | Found Gyaturemn's Assorted Antiques.
  3722 | D:5      | Entered Level 5 of the Dungeon
  3735 | D:5      | Found a staircase to the Ecumenical Temple.
  3738 | D:5      | Noticed Duvessa
  3738 | D:5      | Noticed Dowan
  3738 | D:5      | Noticed Grinder
  3751 | D:4      | Reached XP level 8. HP: 29/73 MP: 6/6
  3781 | D:5      | Killed Duvessa
  3782 | D:5      | Killed Grinder
  3782 | D:5      | Reached skill level 5 in Fighting
  3785 | D:5      | Reached skill level 6 in Shields
  3840 | D:5      | Killed Dowan
  3855 | Temple   | Entered the Ecumenical Temple
  4065 | D:5      | Noticed Menkaure
  4074 | D:5      | Killed Menkaure
  4261 | D:5      | Noticed Eustachio
  4267 | D:5      | Killed Eustachio
  4326 | D:5      | Noticed Edmund
  4348 | D:5      | Killed Edmund
  4348 | D:5      | Gained mutation: You passively map the area around you. [Deep Dwarf growth]
  4348 | D:5      | Reached XP level 9. HP: 40/81 MP: 6/6
  4523 | D:6      | Found an ornate altar of the Wu Jian Council.
  4642 | D:6      | Noticed 3rdEnemy's ghost (novice CeFi)
  4647 | D:6      | Noticed a two-headed ogre
  4656 | D:6      | Found a runed gate.
  4683 | D:6      | Found a runed gate.
  4683 | D:6      | Found a runed gate.
  4802 | D:6      | Found a stormy altar of Qazlal.
  5135 | D:7      | Reached skill level 7 in Shields
  5351 | D:7      | Found a burning altar of Makhleb.
  5363 | D:7      | Became a worshipper of Makhleb the Destroyer
  5598 | D:7      | Found a shimmering altar of Xom.
  5810 | D:7      | Reached skill level 1 in Invocations
  6145 | D:8      | Found a transporter.
  6187 | D:8      | Reached * piety under Makhleb
  6267 | D:8      | Found an ancient bone altar of Kikubaaqudgha.
  6318 | D:8      | Reached skill level 10 in Axes
  6398 | D:8      | Reached XP level 10. HP: 63/92 MP: 5/5
  6588 | D:8      | Found a transporter.
  6673 | D:8      | Reached ** piety under Makhleb
  6722 | D:8      | Reached skill level 8 in Shields
  6938 | D:9      | Found a staircase to the Lair.
  6948 | D:9      | Noticed Pikel
  6975 | D:9      | Killed Pikel
  7008 | D:9      | Found Vodol's Book Shop.
  7076 | D:9      | Found Giajikask's Antique Weapon Shoppe.
  7316 | D:9      | Noticed Erica
  7338 | D:9      | Killed Erica
  7434 | D:9      | Found a sacrificial altar of Ru.
  7580 | D:9      | Found Kehuv's Magic Scroll Shop.
  7656 | D:10     | Entered Level 10 of the Dungeon
  7689 | D:10     | Reached skill level 5 in Invocations
  7745 | D:10     | Reached XP level 11. HP: 98/100 MP: 8/8
  7753 | D:10     | Reached *** piety under Makhleb
  7963 | D:10     | You fall through a shaft!
  7971 | D:11     | Reached skill level 9 in Shields
  8018 | D:11     | Noticed a two-headed ogre
  8072 | D:11     | Killed an unseen horror
  8415 | D:10     | Found a portal to a secret trove of treasure.
  8699 | D:11     | Noticed a brown ugly thing
  8760 | D:11     | Killed a red ugly thing
  8816 | D:11     | Killed a two-headed ogre
  9131 | Lair:1   | Entered Level 1 of the Lair of Beasts
  9530 | Lair:1   | Noticed an eight-headed hydra
  9539 | Lair:1   | Killed a nine-headed hydra
  9542 | Lair:1   | Reached skill level 10 in Shields
  9549 | Lair:1   | Reached skill level 10 in Armour
  9553 | Lair:1   | Reached XP level 12. HP: 46/112 MP: 8/8
 10076 | Lair:2   | Reached **** piety under Makhleb
 10127 | Lair:2   | Found a staircase to the Shoals.
 10146 | Lair:2   | Noticed a six-headed hydra
 10157 | Lair:2   | Killed a six-headed hydra
 10376 | Lair:2   | Found a hole to the Spider Nest.
 10412 | Lair:2   | Noticed a five-headed hydra
 10421 | Lair:2   | Killed a five-headed hydra
 10848 | Lair:3   | Noticed a four-headed hydra
 10858 | Lair:3   | Killed a four-headed hydra
 10951 | Lair:3   | Noticed a five-headed hydra
 10956 | Lair:3   | Killed a five-headed hydra
 10958 | Lair:3   | Found a frozen archway.
 10992 | IceCv    | Entered an ice cave
 11096 | IceCv    | Reached skill level 11 in Shields
 11276 | IceCv    | Noticed a reaper
 11290 | IceCv    | Killed a reaper
 11326 | IceCv    | Got a translucent demon whip
 11619 | Lair:3   | Reached XP level 13. HP: 98/121 MP: 7/7
 11859 | Lair:3   | Reached ***** piety under Makhleb
 11869 | Lair:3   | Reached skill level 15 in Axes
 12624 | Lair:4   | Got a pitted plate armour
 12665 | Lair:3   | Identified the +8 plate armour "Heve" {rPois} (You found it on level 4 of the Lair of Beasts)
 12754 | Lair:4   | Reached skill level 10 in Fighting
 14260 | Lair:6   | Entered Level 6 of the Lair of Beasts
 14261 | Lair:6   | Noticed Urug
 14332 | Lair:5   | Reached skill level 12 in Shields
 14546 | Lair:6   | Killed Urug
 14758 | Lair:6   | Found a staircase to the Slime Pits.
 14981 | Lair:6   | Gained mutation: You resist negative energy. (rN+) [Deep Dwarf growth]
 14981 | Lair:6   | Reached XP level 14. HP: 113/133 MP: 7/7
 15175 | Lair:6   | Got a crude platinum amulet
 15177 | Lair:6   | Identified the amulet of Lucidity {Reflect rElec Str-4 Dex+3 SH+4} (You found it on level 6 of the Lair of Beasts)
 16088 | D:12     | Noticed a storm dragon
 16110 | D:12     | Noticed a cyan very ugly thing
 16115 | D:12     | Reached skill level 13 in Shields
 16117 | D:12     | Killed a storm dragon
 16138 | D:12     | Killed a cyan very ugly thing
 16258 | D:12     | Got a brightly glowing wooden ring
 16295 | D:12     | Identified the ring "Hikkosm" {rCorr Str-5 Int+5} (You found it on level 12 of the Dungeon)
 16311 | D:12     | Noticed Azrael
 16346 | D:12     | Killed Azrael
 16523 | D:12     | Noticed Snorg
 16554 | D:12     | Killed Snorg
 16682 | D:12     | Found a staircase to the Orcish Mines.
 17503 | D:13     | Noticed Rupert
 17530 | D:13     | Killed Rupert
 17860 | D:14     | Reached XP level 15. HP: 144/144 MP: 8/8
 17863 | D:14     | Found a flagged portal.
 17868 | Bailey   | Entered a bailey
 17873 | Bailey   | Noticed an orc warlord
 17938 | Bailey   | Found a runed gate.
 17940 | Bailey   | Found a runed gate.
 17941 | Bailey   | Found a runed gate.
 18154 | Bailey   | Killed an orc warlord
 18230 | D:14     | Reached skill level 14 in Shields
 18312 | D:14     | Reached skill level 1 in Dodging
 18503 | D:14     | Found a gate to the Vaults.
 18632 | D:14     | Reached ****** piety under Makhleb
 19343 | D:14     | Reached XP level 16. HP: 152/152 MP: 8/12
 19344 | D:14     | Reached XP level 17. HP: 159/159 MP: 8/15
 19367 | D:15     | Entered Level 15 of the Dungeon
 19704 | D:15     | Identified the Volume of the Escort
 19751 | D:15     | Found a staircase to the Depths.
 20198 | Orc:1    | Entered Level 1 of the Orcish Mines
 20548 | Orc:2    | Entered Level 2 of the Orcish Mines
 20923 | Orc:2    | Found a roughly hewn altar of Beogh.
 20961 | Orc:2    | Found a staircase to the Elven Halls.
 21164 | Orc:2    | Found Esiolenlai's Armour Boutique.
 21164 | Orc:2    | Found Meiclian's Book Emporium.
 21167 | Orc:2    | Found Pumiyqux's Assorted Antiques.
 21169 | Orc:2    | Found Conoo's Distillery.
 21612 | Spider:1 | Entered Level 1 of the Spider Nest
 21859 | Spider:1 | Identified a scroll of acquirement
 21917 | Spider:1 | Noticed Kirke
 22014 | Shoals:1 | Entered Level 1 of the Shoals
 22263 | Shoals:1 | Reached skill level 5 in Dodging
 22490 | Shoals:1 | Got a pair of scorched boots
 22501 | Shoals:1 | Identified the +1 pair of boots "Necawn" {rPois rC+} (You found it on level 1 of the Shoals)
 22554 | Shoals:1 | Gained mutation: You passively map a large area around you. [Deep Dwarf growth]
 22554 | Shoals:1 | Reached XP level 18. HP: 170/170 MP: 17/17
 22976 | Shoals:2 | Noticed Frances
 23004 | Shoals:2 | Killed Frances
 23470 | Shoals:3 | Found a runed door.
 24141 | Shoals:3 | Reached skill level 15 in Armour
 24152 | Shoals:3 | Reached skill level 15 in Shields
 24169 | Shoals:3 | Noticed Polyphemus
 24198 | Shoals:3 | Killed Polyphemus
 24315 | Shoals:4 | Entered Level 4 of the Shoals
 24769 | Shoals:4 | Got a barnacled rune of Zot
 25303 | Spider:1 | Killed Kirke
 26013 | Spider:2 | Noticed Asterion
 26029 | Spider:2 | Killed Asterion
 26590 | Spider:3 | Reached XP level 19. HP: 180/180 MP: 0/16
 27044 | Spider:4 | Entered Level 4 of the Spider Nest
 27505 | Spider:4 | Reached skill level 15 in Invocations
 27887 | Spider:4 | Reached skill level 10 in Dodging
 28106 | Spider:4 | Got a gossamer rune of Zot
 28740 | Vaults:1 | Entered Level 1 of the Vaults
 28785 | Vaults:1 | Got a translucent mace
 28793 | Vaults:1 | Got a pair of heavily runed boots
 28804 | Vaults:1 | Identified the +2 pair of boots "Jiuxikabae" {rF+ rCorr Stlth+} (You acquired it on level 1 of the Vaults)
 29461 | Vaults:1 | Reached XP level 20. HP: 192/192 MP: 18/18
 29814 | Vaults:1 | Got a blackened war axe
 29815 | Vaults:1 | Identified the +7 war axe of Focus {flame, MR- Dex+9} (You found it on level 1 of the Vaults)
 29866 | Vaults:1 | Found Bajuc's Book Shoppe.
 30165 | Vaults:2 | Reached skill level 16 in Shields
 30219 | Vaults:2 | Got a brightly glowing mace
 30384 | Vaults:2 | Reached skill level 15 in Fighting
 31590 | Vaults:3 | Noticed Frederick
 31597 | Vaults:3 | Killed Frederick
 31597 | Vaults:3 | Reached skill level 17 in Shields
 32437 | Vaults:3 | Reached XP level 21. HP: 202/202 MP: 19/19
 32645 | Vaults:3 | Found a staircase to the Crypt.
 32668 | Vaults:3 | Found a gateway to a bazaar.
 32790 | Bazaar   | Entered a bazaar
 32804 | Bazaar   | Found Joevvepy's Magic Scroll Shoppe.
 32804 | Bazaar   | Found Guj Bacu's General Store.
 32808 | Bazaar   | Bought a scroll of enchant weapon for 97 gold pieces
 32808 | Bazaar   | Bought a scroll of enchant weapon for 97 gold pieces
 32825 | Bazaar   | Found Itymad's Weapon Emporium.
 32840 | Bazaar   | Found Joocolur's Jewellery Shoppe.
 32840 | Bazaar   | Found Funapopi's Distillery.
 32979 | Vaults:4 | Found a flickering gateway to a bazaar.
 32985 | Bazaar   | Entered a bazaar
 32991 | Bazaar   | Found Quotauma's Book Shoppe.
 32992 | Bazaar   | Found Goirch's Jewellery Emporium.
 33001 | Bazaar   | Bought a manual of Armour for 1435 gold pieces
 34162 | Depths:1 | Entered Level 1 of the Depths
 34178 | Depths:1 | Reached skill level 18 in Shields
 34616 | Depths:1 | Found a gateway to Hell.
 34651 | Depths:1 | Found Jeimopt's General Store.
 34653 | Depths:1 | Found Kouberr's Armour Emporium.
 34687 | Depths:1 | Found Kydaich's Jewellery Shoppe.
 35079 | Depths:2 | Found Xodat's Antique Weapon Emporium.
 35148 | Depths:2 | Found Daugumor's Assorted Antiques.
 35152 | Depths:2 | Found Naewn's Armour Shop.
 35172 | Depths:2 | Paralysed by a floating eye for 2 turns
 35320 | Depths:2 | Found a runed door.
 35342 | Depths:2 | Reached skill level 19 in Shields
 35850 | Depths:2 | Reached XP level 22. HP: 213/213 MP: 19/19
 35971 | Depths:2 | Noticed an ancient lich
 35979 | Depths:2 | Killed an ancient lich
 35997 | Depths:2 | Got a brightly glowing steel ring
 35999 | Depths:2 | Identified the ring of Hostracucha {rPois rN+ Str+4 Slay+3 Stlth+} (You found it on level 2 of the Depths)
 36215 | Depths:3 | Found a one-way gate leading to the halls of Pandemonium.
 36233 | Depths:3 | Gained mutation: You are clumsy. (Dex -2) [a cacodemon]
 36311 | Depths:3 | Noticed a caustic shrike
 36353 | Depths:3 | Killed a caustic shrike
 36372 | Depths:3 | Noticed a golden dragon
 36410 | Depths:3 | Killed a golden dragon
 36652 | Depths:3 | Reached skill level 20 in Shields
 36674 | Depths:3 | Paralysed by a floating eye for 2 turns
 36683 | Depths:3 | Found a gateway to a ziggurat.
 36683 | Depths:3 | Paralysed by a floating eye for 3 turns
 37178 | Depths:4 | Noticed a golden dragon
 37198 | Depths:4 | Killed a golden dragon
 37211 | Depths:4 | Noticed a golden dragon
 37218 | Depths:4 | Reached skill level 15 in Dodging
 37231 | Depths:4 | Noticed a golden dragon
 37233 | Depths:4 | Killed a golden dragon
 37259 | Depths:4 | Killed a golden dragon
 37471 | Depths:4 | Reached XP level 23. HP: 155/223 MP: 20/20
 37864 | Depths:4 | Found a one-way gate to the infinite horrors of the Abyss.
 37891 | Depths:4 | Found the ring of Robustness {AC+8}
 37932 | Depths:4 | Reached skill level 21 in Shields
 38320 | Depths:5 | Entered Level 5 of the Depths
 38538 | Depths:5 | Found a gate to the Realm of Zot.
 39001 | Depths:5 | Gained mutation: You are surrounded by a mild repulsion field. (EV +2) [mutagenic glow]
 39677 | Slime:1  | Entered Level 1 of the Pits of Slime
 39715 | Slime:2  | Gained mutation: You are frail. (-10% HP) [a shining eye]
 39717 | Slime:2  | Gained mutation: You are dopey. (Int -2) [a shining eye]
 39916 | D:12     | Lost mutation: You are dopey. (Int -2) [potion of mutation]
 39916 | D:12     | Lost mutation: You are frail. (-10% HP) [potion of mutation]
 39916 | D:12     | Gained mutation: Potions are less effective at restoring your health. [potion of mutation]
 39916 | D:12     | Gained mutation: You have sharp toenails. [potion of mutation]
 39916 | D:12     | Gained mutation: Your body sometimes deteriorates upon taking damage. [potion of mutation]
 39916 | D:12     | Gained mutation: You are robust. (+10% HP) [potion of mutation]
 39917 | D:12     | Lost mutation: You are clumsy. (Dex -2) [potion of mutation]
 39917 | D:12     | Lost mutation: Potions are less effective at restoring your health. [potion of mutation]
 39917 | D:12     | Lost mutation: You are robust. (+10% HP) [potion of mutation]
 39917 | D:12     | Lost mutation: Your body sometimes deteriorates upon taking damage. [potion of mutation]
 39917 | D:12     | Gained mutation: You are dopey. (Int -2) [potion of mutation]
 39917 | D:12     | Gained mutation: Your muscles are strong. (Str +2) [potion of mutation]
 40369 | Slime:4  | Gained mutation: Scrolls take you a little longer to read. [a shining eye]
 40384 | Slime:5  | Entered Level 5 of the Pits of Slime
 40454 | Slime:4  | Gained mutation: You are occasionally teleported next to monsters. [a shining eye]
 40679 | D:12     | Lost mutation: Scrolls take you a little longer to read. [potion of mutation]
 40679 | D:12     | Lost mutation: You are dopey. (Int -2) [potion of mutation]
 40679 | D:12     | Gained mutation: Armour fits poorly on your strangely shaped body. [potion of mutation]
 40679 | D:12     | Gained mutation: You are partially covered in yellow scales. (AC +2) [potion of mutation]
 40747 | D:14     | Lost mutation: Armour fits poorly on your strangely shaped body. [potion of mutation]
 40747 | D:14     | Lost mutation: You are surrounded by a mild repulsion field. (EV +2) [potion of mutation]
 40747 | D:14     | Gained mutation: You are partially covered in large bone plates. (SH +4) [potion of mutation]
 40747 | D:14     | Gained mutation: Your mind is acute. (Int +2) [potion of mutation]
 40747 | D:14     | Gained mutation: You occasionally shout uncontrollably at your foes. [potion of mutation]
 40747 | D:14     | Gained mutation: You are partially covered in thin metallic scales. (AC +2) [potion of mutation]
 40865 | Vaults:2 | Lost mutation: You are partially covered in large bone plates. (SH +4) [potion of mutation]
 40865 | Vaults:2 | Lost mutation: Your mind is acute. (Int +2) [potion of mutation]
 40865 | Vaults:2 | Lost mutation: You occasionally shout uncontrollably at your foes. [potion of mutation]
 40865 | Vaults:2 | Lost mutation: You are occasionally teleported next to monsters. [potion of mutation]
 40865 | Vaults:2 | Gained mutation: You are robust. (+10% HP) [potion of mutation]
 40865 | Vaults:2 | Gained mutation: You have razor-sharp toenails. [potion of mutation]
 40963 | Vaults:5 | Entered Level 5 of the Vaults
 40969 | Vaults:5 | Reached skill level 22 in Shields
 40969 | Vaults:5 | Reached XP level 24. HP: 259/259 MP: 20/20
 41089 | Vaults:5 | Noticed an ancient lich
 41183 | Vaults:5 | Killed an ancient lich
 41359 | Vaults:5 | Noticed an ancient lich
 41370 | Vaults:5 | Killed an ancient lich
 41403 | Vaults:5 | Reached skill level 23 in Shields
 41616 | Vaults:5 | Got a heavily runed chain mail
 41826 | Vaults:5 | Got a crystal great mace {holy}
 41826 | Vaults:5 | Got transparent gold dragon scales
 41838 | Vaults:5 | Identified the +0 gold dragon scales "Ruoxuy" {rPois rF+ rC+ Str-4 Int+4 Dex+7} (You took it off a deep elf high priest on level 5 of the Vaults)
 41953 | Vaults:5 | Got an ivory dagger
 41956 | Vaults:5 | Got a silver rune of Zot
 42244 | Vaults:5 | Found the +4 skin of Zhor {rC+++}
 42618 | Depths:1 | Bought a scroll of identify for 38 gold pieces
 42673 | Depths:2 | Bought a scroll of identify for 82 gold pieces
 42917 | D:9      | Bought a scroll of identify for 28 gold pieces
 42917 | D:9      | Bought a scroll of identify for 28 gold pieces
 42917 | D:9      | Bought a scroll of identify for 28 gold pieces
 42917 | D:9      | Bought a scroll of identify for 28 gold pieces
 42917 | D:9      | Bought a scroll of identify for 28 gold pieces
 43026 | D:4      | Bought a scroll of identify for 40 gold pieces
 43026 | D:4      | Bought a scroll of identify for 40 gold pieces
 43026 | D:4      | Bought a scroll of identify for 40 gold pieces
 43212 | D:10     | You paid a toll of 21 scrolls of identify to enter a treasure trove
 43213 | Trove    | Entered a treasure trove
 43235 | Trove    | Got a flickering granite ring
 43236 | Trove    | Identified the ring of Diasaime {*Corrode rN+ Int+9 Stlth+} (You found it in a treasure trove)
 43243 | Trove    | Got a wavering golden ring
 43244 | Trove    | Identified the ring "Matseem" {rN+ Str+4} (You found it in a treasure trove)
 43258 | Trove    | Got an ancient lead amulet
 43260 | Trove    | Got a translucent lead amulet
 43261 | Trove    | Identified the amulet "Woqukusch" {+Rage Int+5} (You found it in a treasure trove)
 43264 | Trove    | Got a warped bronze ring
 43265 | Trove    | Identified the ring of Kiqi {rC+ MP+9} (You found it in a treasure trove)
 43270 | Trove    | Got a warped lapis lazuli ring
 43274 | Trove    | Identified the ring of Huprent {MR++ Dex-4 Slay+3} (You found it in a treasure trove)
 43280 | Trove    | Identified the amulet "Ejuiviesi" {Spirit Str-3 Int-5 Slay+5 Stlth+} (You found it in a treasure trove)
 43286 | Trove    | Got a flickering lead ring
 43288 | Trove    | Identified the ring "Onunox" {rElec rPois MP+9} (You found it in a treasure trove)
 43677 | Zot:1    | Entered Level 1 of the Realm of Zot
 43790 | Zot:1    | Reached XP level 25. HP: 270/270 MP: 20/20
 44065 | Zot:5    | Entered Level 5 of the Realm of Zot
 44229 | Zot:5    | Reached skill level 24 in Shields
 44279 | Zot:5    | Noticed an ancient lich
 44309 | Zot:5    | Killed an ancient lich
 44407 | Zot:5    | Noticed an ancient lich
 44409 | Zot:5    | Noticed an ancient lich
 44422 | Zot:5    | Killed an ancient lich
 44457 | Zot:5    | Killed an ancient lich
 44568 | Zot:5    | Found a runed gate.
 44568 | Zot:5    | Found a runed gate.
 44569 | Zot:5    | Found a runed gate.
 44571 | Zot:5    | Found Jissuin's Assorted Antiques.
 44573 | Zot:5    | Found Ymopimpe's Assorted Antiques.
 44574 | Zot:5    | Found an opulent altar of Gozag.
 44574 | Zot:5    | Noticed jehirs's ghost (veteran DDFi)
 44603 | Zot:5    | Noticed an orb of fire
 44617 | Zot:5    | Killed an orb of fire
 44666 | Zot:5    | Killed jehirs's ghost
 44750 | Zot:5    | Noticed an ancient lich
 44774 | Zot:5    | Killed an ancient lich
 44875 | Zot:5    | Noticed an ancient lich
 44893 | Zot:5    | Killed an ancient lich
 44893 | Zot:5    | Reached XP level 26. HP: 269/283 MP: 20/20
 44927 | Zot:5    | Noticed an orb of fire
 44938 | Zot:5    | Lost mutation: You are robust. (+10% HP) [an orb of fire]
 44940 | Zot:5    | Gained mutation: You evolve. [an orb of fire]
 44945 | Zot:5    | Lost mutation: Your muscles are strong. (Str +2) [an orb of fire]
 44946 | Zot:5    | Gained mutation: You tend to lose your temper in combat. [an orb of fire]
 44947 | Zot:5    | Killed an orb of fire
 44961 | Zot:5    | Noticed an orb of fire
 44964 | Zot:5    | Gained mutation: You are weak. (Str -2) [an orb of fire]
 44977 | Zot:5    | Gained mutation: Your body sometimes deteriorates upon taking damage. [an orb of fire]
 44978 | Zot:5    | Killed an orb of fire
 44983 | Zot:5    | Noticed an ancient lich
 44995 | Zot:5    | Killed an ancient lich
 44995 | Zot:5    | Reached skill level 25 in Shields
 45002 | Zot:5    | Noticed an orb of fire
 45012 | Zot:5    | Gained mutation: You occasionally shout uncontrollably at your foes. [an orb of fire]
 45018 | Zot:5    | Killed an orb of fire
 45019 | Zot:5    | Noticed an orb of fire
 45024 | Zot:5    | Lost mutation: You are partially covered in yellow scales. (AC +2) [an orb of fire]
 45039 | Zot:5    | HP: 12/258 [orb of fire/bolt of fire (30)]
 45041 | Zot:5    | Gained mutation: Your magical capacity is low. (-10% MP) [an orb of fire]
 45044 | Zot:5    | Killed an orb of fire
 45329 | Depths:2 | Lost mutation: You have razor-sharp toenails. [potion of mutation]
 45329 | Depths:2 | Lost mutation: Your body sometimes deteriorates upon taking damage. [potion of mutation]
 45329 | Depths:2 | Lost mutation: You tend to lose your temper in combat. [potion of mutation]
 45329 | Depths:2 | Lost mutation: You are weak. (Str -2) [potion of mutation]
 45329 | Depths:2 | Gained mutation: Scrolls take you a little longer to read. [potion of mutation]
 45329 | Depths:2 | Lost mutation: You have sharp toenails. [potion of mutation]
 45329 | Depths:2 | Gained mutation: You are robust. (+10% HP) [potion of mutation]
 45587 | Zot:5    | Noticed an orb of fire
 45599 | Zot:5    | Noticed an orb of fire
 45604 | Zot:5    | Gained mutation: You are clumsy. (Dex -2) [an orb of fire]
 45605 | Zot:5    | Lost mutation: You are robust. (+10% HP) [an orb of fire]
 45606 | Zot:5    | Noticed an orb of fire
 45606 | Zot:5    | Gained mutation: Your body sometimes deteriorates upon taking damage. [an orb of fire]
 45608 | Zot:5    | Gained mutation: You are frail. (-10% HP) [an orb of fire]
 45612 | Zot:5    | Lost mutation: Your body sometimes deteriorates upon taking damage. [an orb of fire]
 45613 | Zot:5    | Killed an orb of fire
 45614 | Zot:5    | Gained mutation: Your body sometimes deteriorates upon taking damage. [an orb of fire]
 45620 | Zot:5    | Killed an orb of fire
 45622 | Zot:5    | Gained mutation: You are occasionally teleported next to monsters. [an orb of fire]
 45623 | Zot:5    | Killed an orb of fire
 45965 | Zot:5    | Got the Orb of Zot
 46264 | D:15     | Noticed Asaym the pandemonium lord
 46304 | D:14     | Noticed Sudutsev the pandemonium lord
 46369 | D:12     | Noticed Viankovu the pandemonium lord
 46526 | D:3      | Noticed Kasur the pandemonium lord
 46565 | D:1      | Noticed Wahid the pandemonium lord
 46591 | D:$      | Escaped with the Orb!

Skill      XL: |  1  2  3  4  5  6  7  8  9 10 11 12 13 14 15 16 17 18 19 20 21 22 23 24 25 26 |
---------------+-------------------------------------------------------------------------------+-----
Axes           | 3 4 5 6 8 10 11 13 14 16 17 18 | 18.0
Fighting       | 3 4 5 6 7 8 9 10 11 12 13 14 15 16 17 18 19 | 19.9
Armour         | 4 5 6 7 8 10 11 12 13 14 15 17 18 19 21 22 23 24 | 24.2
Shields        | 4 5 6 7 8 10 11 12 13 14 15 17 19 20 22 23 24 25 | 25.0
Invocations    | 2 5 9 11 12 14 15 | 15.0
Dodging        | 2 5 8 11 12 14 15 16 17 18 19 | 19.7

Action                   |  1- 3 |  4- 6 |  7- 9 | 10-12 | 13-15 | 16-18 | 19-21 | 22-24 | 25-27 || total
-------------------------+-------+-------+-------+-------+-------+-------+-------+-------+-------++-------
Melee: War axe           |    80 |   166 |   502 |  1095 |  1219 |       |       |       |       ||  3062
       Broad axe         |       |       |       |       |   271 |  1669 |  2008 |  1372 |   641 ||  5961
Throw: Throwing net      |       |       |       |       |       |       |       |       |     5 ||     5
Invok: Minor Destruction |       |       |       |     4 |     7 |       |       |       |       ||    11
       Lesser Servant of |       |       |       |    17 |    17 |     3 |       |       |       ||    37
       Greater Servant o |       |       |       |       |       |     9 |     3 |     2 |    15 ||    29
 Abil: Heal Wounds       |     1 |     1 |    12 |    13 |     3 |    12 |     4 |       |    13 ||    59
Evoke: Wand              |       |       |       |    19 |    13 |       |       |     1 |     3 ||    36
  Use: Potion            |       |     2 |     4 |       |     1 |     6 |     1 |     8 |     3 ||    25
       Scroll            |       |     5 |     9 |    11 |     9 |    14 |    12 |     8 |     7 ||    75
 Stab: Distracted        |       |       |       |     3 |     1 |     6 |     3 |     3 |     5 ||    21
       Petrified         |       |       |       |       |    33 |       |       |       |       ||    33
       Petrifying        |       |       |       |       |     4 |       |       |       |       ||     4
       Held in net/web   |       |       |       |       |       |     2 |       |       |       ||     2
       Confused          |       |       |       |       |       |       |       |     3 |       ||     3
  Eat: Chunk             |       |     5 |    14 |    12 |    35 |    26 |    32 |    12 |     4 ||   140
       Ration            |       |       |       |     2 |       |       |       |     5 |     2 ||     9
Armor: Scale mail        |    41 |    79 |   100 |       |       |       |       |       |       ||   220
       Plate armour      |       |       |    92 |   512 |   714 |   841 |   668 |   181 |       ||  3008
       Chain mail        |       |       |     9 |       |       |       |       |       |       ||     9
       Gold dragon scale |       |       |       |       |       |       |       |   233 |   234 ||   467
Dodge: Dodged            |    19 |    48 |   102 |   191 |   271 |   630 |   484 |   306 |   240 ||  2291
Block: Shield            |    41 |   105 |   282 |   617 |   977 |  1634 |   517 |       |       ||  4173
       Reflection        |       |       |       |       |    61 |    80 |    96 |   105 |     7 ||   349
       Large shield      |       |       |       |       |       |       |  1452 |  1431 |   828 ||  3711
